 Dungeon Crawl Stone Soup version 0.28-a0-984-g3775c662fe (webtiles) character file.

Game seed: 7402991558433704704

637 browni3141 the Changer (level 7, -1/43 HPs)
             Began as an Octopode Transmuter on Dec 4, 2021.
             Was a Believer of Fedhas.
             Slain by a sky beast (3 damage)
             ... on level 6 of the Dungeon.
             The game lasted 00:11:01 (7262 turns).

browni3141 the Changer (Octopode Transmuter)        Turns: 7262, Time: 00:11:01

Health: -1/43      AC:  1    Str:  9    XL:     7   Next: 50%
Magic:  0/10       EV: 13    Int: 18    God:    Fedhas [**....]
Gold:   143        SH:  0    Dex: 12    Spells: 4/10 levels left

rFire   . . .      SeeInvis .     - Unarmed
rCold   . . .      Faith    .   (no shield)
rNeg    . . .      Spirit   +   (helmet currently unavailable)
rPois   .          Reflect  .   j - amulet of guardian spirit
rElec   .          Harm     .   q - ring of flight
rCorr   .          Rampage  .   (no ring)
Will    .....                   (no ring)
Stlth   ++++......              (no ring)
HPRegen 0.14/turn               (no ring)
MPRegen 0.12/turn               (no ring)
                                (no ring)
                                (no ring)

@: appendages, wereblooded, flying
A: tentacle spike 3, almost no armour, amphibious, 8 rings, camouflage 1,
gelatinous body 1, (nimble swimmer 1), tentacles
a: End Transformation, Renounce Religion, Wall of Briars


You were on level 6 of the Dungeon.
You worshipped Fedhas.
Fedhas was pleased with you.
One of your tentacles had grown a beastly spike.
You visited 1 branch of the dungeon, and saw 6 of its levels.

You collected 143 gold pieces.

Inventory:

Missiles
 t - 5 atropa-tipped darts
Armour
 c - a +0 tower shield
Jewellery
 j - an amulet of guardian spirit (around mantle)
 q - a ring of flight (left tentacle)
Wands
 x - a wand of flame (18)
Scrolls
 b - a scroll of blinking {unknown}
 d - 2 scrolls of magic mapping {unknown}
 e - 4 scrolls of immolation {unknown}
 g - 2 scrolls of teleportation {unknown}
 h - 2 scrolls of enchant armour {unknown}
 i - a scroll of acquirement {unknown}
 k - a scroll of fear {unknown}
 m - a scroll of vulnerability {unknown}
 p - a scroll of identify {unknown}
 r - a scroll of amnesia {unknown}
 w - a scroll of fog {unknown}
Potions
 a - a potion of lignification
 f - a potion of attraction
 l - 2 potions of heal wounds {unknown}
 n - a potion of flight {unknown}
 o - a potion of berserk rage {unknown}
 s - a potion of mutation {unknown}
 u - 2 potions of curing
 v - a potion of magic {unknown}


   Skills:
 - Level 1.0 Fighting
 - Level 2.0 Dodging
 + Level 4.6 Stealth
 - Level 2.4 Shields
 - Level 3.0 Unarmed Combat
 - Level 2.0 Spellcasting
 * Level 5.8 Transmutations
 + Level 3.8 Poison Magic


You had 4 spell levels left.
You knew the following spells:

 Your Spells              Type           Power      Damage    Failure   Level
a - Beastly Appendage     Tmut           44%        N/A       1%          1
b - Spider Form           Tmut/Pois      19%        N/A       8%          3
c - Wereblood             Tmut           22%        N/A       2%          2

Your spell library contained the following spells:

 Spells                   Type           Power      Damage    Failure   Level
 Passwall                 Tmut/Erth      10%        N/A       9%          2
 Apportation              Tloc           2%         N/A       19%         1
 Swiftness                Air            1%         N/A       47%         3
 Ice Form                 Ice/Tmut       12%        N/A       47%         4
 Alistair's Intoxication  Tmut/Pois      12%        N/A       56%         5


Dungeon Overview and Level Annotations

Branches:
Dungeon (6/15)             Temple (0/1) D:4

Altars:
Elyvilon
Fedhas
Nemelex Xobeh
Trog
Yredelemnul
Zin

Shops:
D:2 =   D:3 [   D:4 *

Annotations:
D:4 exclusion: 2 black bears
D:5 exclusion: kobold demonologist, Dowan, Duvessa, Sigmund


Innate Abilities, Weirdness & Mutations

One of your tentacles has grown a beastly spike.
You cannot wear most types of armour.
You are amphibious.
You can wear up to eight rings at the same time.
Your skin changes colour to match your surroundings (Stealth+).
Your rubbery body absorbs attacks. (AC +1, EV +1)
((You are camouflaged near water. (Stealth+)))
You have tentacles for arms and can constrict up to eight enemies at once.


Message History

You closely miss the sky beast.
The sky beast is moderately wounded.
The sky beast hits you. The sky beast shocks you.
You are too injured to fight recklessly!
Casting: Spider Form (dangerous; 8% risk of failure)
Confirm with . or Enter, or press ? or * to list all spells.
Your blood is infused with primal strength.
The sky beast hits you. The sky beast shocks you.
Unknown command.
Casting: Wereblood (safe; 2% risk of failure)
Confirm with . or Enter, or press ? or * to list all spells.
You don't have enough magic to cast this spell.
Unknown command.
Casting: Wereblood (safe; 2% risk of failure)
Confirm with . or Enter, or press ? or * to list all spells.
You don't have enough magic to cast this spell.
Casting: Wereblood (safe; 2% risk of failure)
Confirm with . or Enter, or press ? or * to list all spells.
One of your tentacles grows a vicious spike.
The sky beast hits you but does no damage.
Unknown command.
You barely miss the sky beast.
Your tentacle spike misses the sky beast.
The sky beast is moderately wounded.
The sky beast hits you. The sky beast shocks you.
* * * LOW HITPOINT WARNING * * *
Unknown command.
You closely miss the sky beast.
Your tentacle spike misses the sky beast.
The sky beast is moderately wounded.
The sky beast flickers out of sight!
Deactivating autopickup; reactivate with Ctrl-A.
Something hits you.
* * * LOW HITPOINT WARNING * * *
Something shocks you.
* * * LOW HITPOINT WARNING * * *
There is an open door here.
Something is blocking the doorway!
Something hits you.
You die...
Fedhas appreciates your contribution to the ecosystem.

#...#.#
#...#.#########.#
#.#.............#####
#.#.#.###.#####+#...#+#
#. #.# #.#####.......#
#.#+#.# #'#.#..........
#.....###...##.........
#....##......'.........
#.....#.....@##.......#
#.....#.......#.......#
#..<..+.......####+####
#.#...#.......#
#.#...#.)....##
#.#.#<#......+
#.#.#.###...## #+#.#..
#+#. ..###. ##


There were no monsters in sight!

Vanquished Creatures
  Grinder (D:4)
  A kobold brigand (D:3)
  A bullfrog (D:4)
  A scorpion (D:4)
  A water moccasin skeleton (D:5)
  An iguana (D:4)
  Terence (D:2)
  4 adders
  A white imp (D:5)
  An ufetubus (D:5)
  An adder skeleton (D:4)
  3 worms
  3 dart slugs
  2 orcs (D:4)
  4 endoplasms
  3 giant cockroaches (D:2)
  4 goblins
  6 hobgoblins
  20 kobolds
  5 quokkas
  11 ball pythons
  4 bats
  6 frilled lizards
  5 rats
90 creatures vanquished.

Notes
Turn   | Place    | Note
-------+----------+-------------------------------------------
     0 | D:1      | browni3141 the Octopode Transmuter began the quest for the
                  | Orb.
     0 | D:1      | Reached XP level 1. HP: 13/13 MP: 3/3
   288 | D:1      | Reached XP level 2. HP: 6/18 MP: 5/5
   589 | D:1      | Reached skill level 3 in Transmutations
  1330 | D:1      | Reached XP level 3. HP: 22/23 MP: 6/6
  1364 | D:1      | Reached skill level 1 in Shields
  2196 | D:2      | Reached XP level 4. HP: 19/28 MP: 5/7
  2405 | D:2      | Noticed Terence
  2715 | D:1      | Learned a level 3 spell: Spider Form
  2718 | D:1      | Learned a level 2 spell: Wereblood
  2731 | D:2      | Killed Terence
  2869 | D:2      | Reached skill level 1 in Stealth
  3006 | D:2      | Found Quojukh's Jewellery Shop.
  3036 | D:2      | Reached skill level 1 in Poison Magic
  3186 | D:3      | Found a faded altar of an unknown god.
  3202 | D:3      | Prayed at the altar of an unknown god.
  3202 | D:3      | Became a worshipper of Fedhas Madash
  3202 | D:3      | Reached * piety under Fedhas
  3490 | D:3      | Reached XP level 5. HP: 33/33 MP: 8/8
  3526 | D:3      | Reached ** piety under Fedhas
  3550 | D:3      | Noticed a kobold brigand
  3569 | D:3      | Killed a kobold brigand
  3570 | D:3      | Reached skill level 4 in Transmutations
  3824 | D:3      | Found Roteveqier's Armour Boutique.
  3846 | D:3      | Found a bloodstained altar of Trog.
  4236 | D:4      | Noticed a black bear
  4322 | D:4      | HP: 2/49 [scorpion (5)]
  4331 | D:4      | Reached XP level 6. HP: 8/38 MP: 2/9
  4864 | D:4      | Noticed a black bear
  4971 | D:4      | Noticed Grinder
  4997 | D:4      | Paralysed by Grinder for 4 turns
  5002 | D:4      | Killed Grinder
  5003 | D:4      | Reached skill level 5 in Transmutations
  5003 | D:4      | Reached XP level 7. HP: 15/43 MP: 2/10
  5316 | D:4      | Found a white marble altar of Elyvilon.
  5520 | D:4      | Found a staircase to the Ecumenical Temple.
  5596 | D:4      | Found a basalt altar of Yredelemnul.
  5721 | D:4      | Found Maniptug's CLEARANCE SALE!.
  6135 | D:5      | Entered Level 5 of the Dungeon
  6135 | D:5      | Noticed Duvessa
  6135 | D:5      | Noticed Dowan
  6135 | D:5      | Found a sparkling altar of Nemelex Xobeh.
  6193 | D:5      | Noticed Sigmund
  6903 | D:5      | Found a glowing silver altar of Zin.
  6903 | D:5      | Noticed a kobold demonologist
  7258 | D:6      | HP: 2/43 [something (4)]
  7262 | D:6      | Slain by a sky beast

Illustrated notes

Levels and vault maps discovered:
D:1:      onia_arrival_handbag, layout_loops_ring, minmay_bisected
D:2:      layout_basic, serial_shops, nicolae_shop_trees, uniq_terence
D:3:      cheibrodos_thug_alley, layout_loops_ring, general_overflow_altar,
          ebering_ecumenical_altar_webs, serial_shops, shop
D:4:      layout_basic, kennysheep_ying_yang, minmay_temple_entry_crystal_x,
          nicolae_shop_clearance, uniq_grinder
D:5:      layout_loops_ring, mainiacjoe_overflow_catch_the_wave, uniq_sigmund,
          uniq_duvessa
D:6:      nicolae_cairo_tiling_very_big, layout_basic, grunt_ashenzari_visionary
          [grunt_ashenzari_visionary_swamp, grunt_ashenzari_visionary_spider],
          minmay_manual_moon

Skill      XL: |  1  2  3  4  5  6 |
---------------+-------------------+-----
Transmutations | 3 4 5 |  5.8
Shields        | 2 |  2.4
Stealth        | 1 3 4 |  4.6
Poison Magic   | 1 2 3 |  3.8
Fighting       | |  1.0
Dodging        | |  2.0
Unarmed Combat | |  3.0
Spellcasting   | |  2.0

Action                   |  1- 3 |  4- 6 |  7- 9 || total
-------------------------+-------+-------+-------++-------
Melee: Unarmed           |    79 |   141 |    37 ||   257
       Constrict         |    17 |    36 |     6 ||    59
       Tentacles         |     7 |    16 |    11 ||    34
       Kick              |     2 |    18 |       ||    20
       Punch             |       |     4 |       ||     4
 Cast: Beastly Appendage |     6 |    13 |     1 ||    20
       Wereblood         |       |     4 |     1 ||     5
       Spider Form       |       |     3 |       ||     3
  Use: Potion            |       |     3 |       ||     3
 Stab: Sleeping          |    10 |     7 |     8 ||    25
Armor: Skin              |     6 |    12 |     1 ||    19
Dodge: Dodged            |    18 |    77 |    10 ||   105
Block: Tower shield      |    34 |     5 |       ||    39

Table legend: (Time is in decaauts)
 A = Elapsed time spent in this place.
 B = Non-inter-level travel time spent in this place.
 C = Inter-level travel time spent in this place.
 D = Time resting spent in this place.
 E = Time spent auto-exploring this place.
 F = Levels seen in this place.
 G = Mean time per level.
                   A        B        C        D        E       F      G
               +--------+--------+--------+--------+--------+-----+--------+
         Total |   7283 |   6970 |    313 |   1468 |   4514 |   6 | 1213.8 |
       Dungeon |   7283 |   6970 |    313 |   1468 |   4514 |   6 | 1213.8 |
               +--------+--------+--------+--------+--------+-----+--------+

Top non-repeatable levels by time:
     D:1: 2018 daAuts
     D:4: 1893 daAuts
     D:2: 1196 daAuts
     D:3: 1093 daAuts
     D:5: 1038 daAuts
     D:6: 43 daAuts
